 Dungeon Crawl Stone Soup version 0.23.2-30-g0e89c35649 (webtiles) character file.

Game seed: 12354647321310396537

348 Mrkan the Cudgeler (level 6, -2/40 HPs)
             Began as a Gargoyle Fighter on June 24, 2019.
             Killed by divine providence
             ... invoked by an orc priest
              (12 damage)
             ... on level 4 of the Dungeon.
             The game lasted 00:06:07 (2964 turns).

Mrkan the Cudgeler (Gargoyle Fighter)               Turns: 2964, Time: 00:06:08

Health: -2/40      AC: 12    Str: 20    XL:     6   Next: 60%
Magic:  6/6        EV:  7    Int:  9    God:
Gold:   223        SH: 11    Dex: 10    Spells: 5/5 levels left

rFire    . . .     SeeInvis .   a - +0 flail
rCold    . . .     Gourm    .   n - +2 shield
rNeg     + . .     Faith    .   b - +0 scale mail
rPois    ∞         Spirit   .   (no helmet)
rElec    +         Reflect  .   (no cloak)
rCorr    .         Harm     .   v - +0 pair of gloves
MR       .....                  (no boots)
Stlth    ..........             (no amulet)
HPRegen  0.13/turn              (no ring)
MPRegen  0.10/turn              (no ring)

@: no status effects
A: negative energy resistance 1, electricity resistance, unbreathing,
petrification resistance, rot immunity, AC +4
a: no special abilities


You were on level 4 of the Dungeon.
You were hungry.

You visited 1 branch of the dungeon, and saw 4 of its levels.

You collected 223 gold pieces.

Inventory:

Hand Weapons
 a - a +0 flail (weapon)
Armour
 b - a +0 scale mail (worn)
 n - a +2 shield (worn)
 v - a +0 pair of gloves (worn)
Jewellery
 x - an uncursed amulet of rage {unknown}
Wands
 u - a wand of flame (15)
Scrolls
 g - a scroll of blinking {unknown}
 i - a scroll of noise {unknown}
 j - a scroll of magic mapping {unknown}
 k - 5 scrolls of identify {unknown}
 m - 4 scrolls of teleportation {unknown}
 o - a scroll of amnesia {unknown}
 p - 4 scrolls of remove curse {unknown}
 t - a scroll of random uselessness {unknown}
Potions
 c - a potion of brilliance {unknown}
 d - 2 potions of might
 e - 2 potions of degeneration {unknown}
 h - 2 potions of mutation {unknown}
 l - a potion of resistance {unknown}
 q - a potion of heal wounds {unknown}
 r - 2 potions of curing {unknown}
 s - 2 potions of agility {unknown}
Comestibles
 f - 11 rations


   Skills:
 + Level 4.8 Fighting
 * Level 5.0 Maces & Flails
 - Level 3.2 Armour
 + Level 4.8 Shields


You had 5 spell levels left.
You didn't know any spells.
Your spell library was empty.

Dungeon Overview and Level Annotations

Branches:
Dungeon (4/15)
 Temple: D:4-7

Altars:
Ashenzari


Innate Abilities, Weirdness & Mutations

You are resistant to torment.
Your stone body is resilient. (AC +4)
You are immune to poison.
You resist negative energy. (rN+)
You are resistant to electric shocks. (rElec)
You can survive without breathing.
You are immune to petrification.
You are immune to rotting.


Message History

An orc wizard appears from thin air!
Reactivating autopickup.
You block the jackal's attack.
The orc shouts!
You hear a shout!
You block the jackal's attack.
You hear a shout!
You block the jackal's attack. The orc hits you but does no damage.
The jackal bites you.
* * * LOW HITPOINT WARNING * * *
You feel a little less mighty now. You block the jackal's attack.
Found a green potion.
An orc wizard comes into view. It is wielding a +0 dagger.
An orc priest comes into view. It is wielding a +0 club.
The orc priest shouts!
An orc comes into view. It is wielding a +0 whip.
The orc shouts!
The orc priest mumbles some strange prayers to Beogh against you.
Beogh smites you!
You die...

# #....... #####
####..........#
....###.............
....#.........!.oo.#
....[.#......#.....##
....##..#........o..#
...........##.......#
........##.##.......#
....#####..#
#..@..##### ...>#
###(## ##.o......#
....###...#
###.h....#
.g.###..### #.o....#
##.##..## #......#
##.##.## #o.....#
##o...# #......#
##.g..# #..g...#
..#.#o# #......#


You could see an orc priest, an orc wizard, a gnoll, 4 orcs and a jackal.

Vanquished Creatures
  A hound (D:4)
  An iguana (D:4)
  2 orc wizards
  Ijyb (D:3)
  A hound skeleton (D:4)
  2 gnolls (D:4)
  7 adders
  2 dart slugs
  4 leopard geckos
  8 orcs
  A ball python (D:2)
  8 giant cockroaches
  10 goblins
  9 hobgoblins
  10 jackals
  A quokka (D:3)
  6 bats
  6 frilled lizards
  3 kobolds
  15 rats
98 creatures vanquished.

Notes
Turn   | Place    | Note
-------+----------+-------------------------------------------
     0 | D:1      | Mrkan the Gargoyle Fighter began the quest for the Orb.
     0 | D:1      | Reached XP level 1. HP: 14/14 MP: 1/1
   233 | D:1      | Reached XP level 2. HP: 18/19 MP: 2/2
   417 | D:1      | Reached XP level 3. HP: 12/23 MP: 3/3
   776 | D:2      | Reached skill level 3 in Maces & Flails
   995 | D:2      | Reached XP level 4. HP: 29/29 MP: 4/4
  1027 | D:2      | Found a shattered altar of Ashenzari.
  1054 | D:2      | Found a faded altar of an unknown god.
  1654 | D:3      | Noticed Ijyb
  1668 | D:3      | Killed Ijyb
  1685 | D:3      | Reached XP level 5. HP: 14/33 MP: 5/5
  1977 | D:3      | Reached skill level 4 in Maces & Flails
  2577 | D:4      | Reached XP level 6. HP: 17/39 MP: 6/6
  2914 | D:4      | Reached skill level 5 in Maces & Flails
  2964 | D:4      | Killed from afar by an orc priest

Skill      XL: |  1  2  3  4  5  6 |
---------------+-------------------+-----
Maces & Flails | 3 4 5 |  5.0
Fighting       | 4 |  4.8
Shields        | 4 |  4.8
Armour         | |  3.2

Action                   |  1- 3 |  4- 6 || total
-------------------------+-------+-------++-------
Melee: Flail             |   161 |   286 ||   447
  Use: Potion            |       |     1 ||     1
  Eat: Chunk             |     1 |     6 ||     7
Armor: Scale mail        |    99 |   180 ||   279
Dodge: Dodged            |    54 |    90 ||   144
Block: Shield            |   111 |   192 ||   303
